 Dungeon Crawl Stone Soup version 0.23.2-33-g5129a83184 (webtiles) character file.

Game seed: 17999010201323858133

97 Derp the Conjurer (level 5, -8/54 HPs)
             Began as a Human Conjurer on July 13, 2019.
             Killed from afar by Sigmund (10 damage)
             ... with a magic dart
             ... on level 2 of the Dungeon.
             The game lasted 00:10:22 (1820 turns).

Derp the Conjurer (Human Conjurer)                  Turns: 1820, Time: 00:10:23

Health: -8/54      AC:  2    Str: 13    XL:     5   Next: 0%
Magic:  8/8        EV: 10    Int: 17    God:
Gold:   62         SH:  7    Dex: 13    Spells: 7/8 levels left

rFire    . . .     SeeInvis .   d - +0 short sword
rCold    . . .     Gourm    .   l - +0 shield (curse)
rNeg     . . .     Faith    .   a - +0 robe
rPois    .         Spirit   .   (no helmet)
rElec    .         Reflect  .   (no cloak)
rCorr    .         Harm     .   (no gloves)
MR       .....                  (no boots)
Stlth    ..........             (no amulet)
HPRegen  0.18/turn              (no ring)
MPRegen  0.11/turn              (no ring)

@: berserking (expiring), very slightly contaminated, very quick
A: no striking features
a: no special abilities


You were on level 2 of the Dungeon.
You were very hungry.

You visited 1 branch of the dungeon, and saw 2 of its levels.

You collected 62 gold pieces.

Inventory:

Hand Weapons
 d - a +0 short sword (weapon)
Armour
 a - a +0 robe (worn)
 l - a cursed +0 shield (worn)
Scrolls
 e - 2 scrolls of remove curse {unknown}
 f - a scroll of blinking {unknown}
 h - a scroll of identify {unknown}
 j - a scroll of random uselessness {unknown}
 m - a scroll of enchant weapon {unknown}
 n - a scroll of fear {unknown}
Potions
 b - 2 potions of berserk rage
 g - a potion of degeneration {unknown}
 i - a potion of lignification {unknown}
 k - 2 potions of flight {unknown}
Comestibles
 c - a ration


   Skills:
 + Level 0.7 Fighting
 + Level 0.3 Short Blades
 + Level 2.5 Dodging
 + Level 2.4 Stealth
 + Level 0.6 Unarmed Combat
 + Level 2.3 Spellcasting
 + Level 5.0 Conjurations


You had 7 spell levels left.
You knew the following spells:

 Your Spells              Type           Power        Failure   Level  Hunger
a - Magic Dart            Conj           ###.         17%         1    #......

Your spell library contained the following spells:

 Spells                   Type           Power        Failure   Level  Hunger
 Searing Ray              Conj           ###...       26%         2    ###....
 Dazzling Spray           Conj/Hex       ##....       80%         3    ###....
 Iskenderun's Mystic Bla  Conj           ###.....     86%         4    #####..
 Force Lance              Conj/Tloc      ##......     99%         4    #####..
 Fulminant Prism          Conj/Hex       ##........   99%         4    #####..


Dungeon Overview and Level Annotations

Branches:
Dungeon (2/15)

Altars:
Makhleb
Vehumet

Annotations:
D:2 Sigmund


Message History

Sigmund hits you from afar with a +0 scythe!
* * * LOW HITPOINT WARNING * * *
It was a potion of berserk rage.
A red film seems to cover your vision as you go berserk!
You feel yourself moving faster!
You feel mighty!
You are too berserk!
You feel a strong urge to attack something.
Sigmund asks, "Do you like me?" Sigmund hits you with a +0 scythe.
* * * LOW HITPOINT WARNING * * *
You completely miss Sigmund.
Sigmund is lightly wounded.
You miss Sigmund.
Sigmund is lightly wounded.
Sigmund misses you.
You feel a strong urge to attack something.
You feel less confused.
Sigmund points at you and mumbles some strange words.
The magic dart hits you!
You die...

..#.#####.............#.#######.#
..#.# #...........).#.# #.# .##.#
#...............# #.# .##.#
#............####### #.# .##.#
#................... #.# .##.#
##..#+#+####.###### #+#
....######..#.#.####.#######
................@...........
............#...@...).......
.##########.#...####.######## .#
# #...............# .#
#.#..###.######.# .# #<.........#
#.# .# #.##.###.#.# #.##### .#
#.#.##.###.#.####...... ##
#..................<### #
##.###.##.............


You could see Sigmund.

Vanquished Creatures
  Jessica (D:2)
  An adder (D:2)
  An ooze (D:2)
  A worm (D:2)
  A dart slug (D:2)
  3 leopard geckos
  6 bats
  2 giant cockroaches (D:1)
  4 goblins
  6 hobgoblins
  6 jackals (D:1)
  6 kobolds
  6 rats
44 creatures vanquished.

Notes
Turn   | Place    | Note
-------+----------+-------------------------------------------
     0 | D:1      | Derp the Human Conjurer began the quest for the Orb.
     0 | D:1      | Reached XP level 1. HP: 13/13 MP: 3/3
   300 | D:1      | Reached XP level 2. HP: 13/19 MP: 0/5
   635 | D:1      | Reached XP level 3. HP: 24/24 MP: 1/6
  1045 | D:2      | Noticed Jessica
  1048 | D:2      | Killed Jessica
  1048 | D:2      | Reached XP level 4. HP: 24/30 MP: 0/7
  1456 | D:2      | Found a burning altar of Makhleb.
  1457 | D:2      | Found a radiant altar of Vehumet.
  1502 | D:2      | Reached skill level 5 in Conjurations
  1513 | D:2      | Noticed Sigmund
  1761 | D:2      | Reached XP level 5. HP: 34/36 MP: 4/8
  1816 | D:2      | HP: 2/54 [Sigmund/+0 scythe (3)]
  1820 | D:2      | Killed from afar by Sigmund

Skill      XL: |  1  2  3  4 |
---------------+-------------+-----
Conjurations   | 5 |  5.0
Fighting       | |  0.7
Short Blades   | |  0.3
Dodging        | |  2.5
Stealth        | |  2.4
Unarmed Combat | |  0.6
Spellcasting   | |  2.3

Action                   |  1- 3 |  4- 6 || total
-------------------------+-------+-------++-------
Melee: Unarmed           |    16 |       ||    16
       Short sword       |    30 |    30 ||    60
 Cast: Magic Dart        |    60 |    44 ||   104
  Use: Potion            |       |     1 ||     1
 Stab: Sleeping          |       |     1 ||     1
  Eat: Ration            |     1 |       ||     1
Armor: Robe              |    10 |    13 ||    23
Dodge: Dodged            |    35 |    15 ||    50
Block: Shield            |       |     8 ||     8
